 Dungeon Crawl Stone Soup version 0.30-a0-364-gf6b3ef1049 (webtiles) character file.

Game seed: 16400855811911674559

9 ponyjar the Sneak (level 2, -2/24 HPs)
             Began as a Mummy Delver on Nov 16, 2022.
             Slain by a scorpion (3 damage)
             ... on level 5 of the Dungeon.
             The game lasted 00:00:09 (51 turns).

ponyjar the Sneak (Mummy Delver)                      Turns: 51, Time: 00:00:09

Health: -2/24      AC:  3    Str: 15    XL:     2   Next: 3%
Magic:  2/2        EV: 11    Int:  9    God:
Gold:   5          SH:  0    Dex: 13    Spells: 1/1 levels left

rFire   x . .      SeeInvis .    a - +0 mace
rCold   + . .      Faith    +    (no shield)
rNeg    + + +      Spirit   .    b - +0 leather armour
rPois   ∞          Reflect  .    (no helmet)
rElec   .          Harm     .    (no cloak)
rCorr   .          Rampage  .    (no gloves)
Will    .....                    (no boots)
Stlth   ++........               (no amulet)
HPRegen 0.24/turn                (no ring)
MPRegen 0.08/turn                (no ring)

@: no status effects
A: cold resistance 1, negative energy resistance 3, torment resistance 2, heat
vulnerability 1, no potions, faith
a: no special abilities


You were on level 5 of the Dungeon.
You visited 1 branch of the dungeon, and saw 1 of its levels.

You collected 5 gold pieces.

Inventory:

Hand Weapons
 a - a +0 mace (weapon)
Armour
 b - a +0 leather armour (worn)
Wands
 f - a wand of digging (3)
Scrolls
 c - a scroll of fog
 d - a scroll of magic mapping
 e - a scroll of fear
 g - a scroll of identify {unknown}
 h - 3 scrolls of silence {unknown}
 i - 2 scrolls of poison {unknown}


   Skills:
 + Level 3.1 Fighting
 + Level 1.7 Maces & Flails
 + Level 1.7 Dodging
 + Level 4.2 Stealth


You had one spell level left.
You didn't know any spells.
Your spell library was empty.

Dungeon Overview and Level Annotations

Branches:
Dungeon (5/15)
 Temple: D:4-7

Altars:


Innate Abilities, Weirdness & Mutations

You are immune to poison.
Your flesh is cold resistant. (rC+)
You are immune to negative energy. (rN+++)
You are immune to unholy pain and torment.
You are vulnerable to heat. (rF-)
You do not drink.
You have a special connection with the divine. (Faith)


Message History

Okay, then.
Found a short sword and 7 stones.
Found 7 gold pieces and a scroll labelled BAPSAU HUALUHASK.
An adder comes into view.
Found a fuming white potion.
A scorpion comes into view.
Found a scroll labelled VARUHI LORPH.
There is a stone staircase leading up here.
The adder closely misses you.
You hit the adder but do no damage. The adder bites you but does no damage.
You sock the adder!
You kill the adder!
You have reached level 2!
You see here 7 gold pieces.
A scorpion is nearby!
A scorpion is nearby!
The helpless scorpion fails to defend itself.
You hit the scorpion but do no damage. The scorpion stings you.
The scorpion barely misses you.
You hit the scorpion.
The scorpion is lightly wounded.
The scorpion stings you!
You hit the scorpion.
The scorpion is heavily wounded.
The scorpion stings you.
* * * LOW HITPOINT WARNING * * *
The scorpion stings you.
* * * LOW HITPOINT WARNING * * *
Unknown command.
Unknown command.
You hit the scorpion but do no damage.
The scorpion is heavily wounded.
The scorpion stings you but does no damage.
The scorpion stings you.
* * * LOW HITPOINT WARNING * * *
Unknown command.
You hit the scorpion but do no damage.
The scorpion is heavily wounded.
The scorpion stings you.
You die...

##..............#..
#...............#..
#.................. ##
#...........(...#..
#..##.......<.....###..
#....!..$.(......# #..
###.............# #>.
###?....).......# ###
#..s@..........(.. #
#.####............. # #
...#.......#...##
.###.............
###.#.. ... .. #.#.# #
..# ...#


You could see a scorpion.

Vanquished Creatures
  An adder (D:5)
1 creature vanquished.

Notes
Turn   | Place    | Note
-------+----------+-------------------------------------------
     0 | D:5      | ponyjar the Mummy Delver began the quest for the Orb.
     0 | D:5      | Reached XP level 1. HP: 18/18 MP: 1/1
    37 | D:5      | Noticed a scorpion
    43 | D:5      | Reached XP level 2. HP: 24/24 MP: 2/2
    49 | D:5      | HP: 1/24 [scorpion (5)]
    51 | D:5      | Slain by a scorpion

Illustrated notes

Levels and vault maps discovered:
D:5:      layout_rooms, led_sif_book, minmay_quadrilaterals

Action                   || total
-------------------------++-------
Melee: Mace              ||     7
 Stab: Sleeping          ||     1
Armor: Leather armour    ||     2
Dodge: Dodged            ||     2

Table legend: (Time is in decaauts)
 A = Elapsed time spent in this place.
 B = Non-inter-level travel time spent in this place.
 C = Inter-level travel time spent in this place.
 D = Time resting spent in this place.
 E = Time spent auto-exploring this place.
 F = Levels seen in this place.
 G = Mean time per level.
                   A        B        C        D        E       F      G
               +--------+--------+--------+--------+--------+-----+--------+
         Total |     52 |     52 |      0 |      0 |     22 |   1 |   52.0 |
       Dungeon |     52 |     52 |      0 |      0 |     22 |   1 |   52.0 |
               +--------+--------+--------+--------+--------+-----+--------+

Top non-repeatable levels by time:
     D:5: 52 daAuts
